 Dungeon Crawl Stone Soup version 0.26.0-15-gc6cd9f700b (webtiles) character file.

Game seed: 9193528879428689592

611 Gauvater the Chopper (level 7, -8/44 (55) HPs)
             Began as a Formicid Fighter on Jan 17, 2021.
             Mangled by an iguana (10 damage)
             ... on level 4 of the Dungeon.
             The game lasted 00:07:32 (4132 turns).

Gauvater the Chopper (Formicid Fighter)             Turns: 4132, Time: 00:07:32

HP:   -8/44 (55)    AC:  7    Str: 23    XL:     7   Next: 72%
MP:   7/7           EV:  9    Int:  7    God:
Gold: 175           SH: 10    Dex: 10    Spells: 6/6 levels left

rFire    . . .     SeeInvis +   a - +0 war axe
rCold    . . .     Faith    .   c - +0 kite shield
rNeg     . . .     Spirit   .   b - +0 scale mail
rPois    .         Reflect  .   (helmet unavailable)
rElec    .         Harm     .   (no cloak)
rCorr    .         Rampage  .   (no gloves)
Will     .....                  (no boots)
Stlth    ..........             (no amulet)
HPRegen  0.14/turn              (no ring)
MPRegen  0.10/turn              (no ring)

@: mighty, heavily drained
A: permanent stasis, dig shafts and tunnels, four strong arms, antennae 3
a: Dig, Shaft Self


You were on level 4 of the Dungeon.
You visited 1 branch of the dungeon, and saw 4 of its levels.

You collected 175 gold pieces.

Inventory:

Hand Weapons
 a - a +0 war axe (weapon)
Missiles
 g - 34 arrows
 h - 19 poisoned darts
 w - 16 bolts
Armour
 b - a +0 scale mail (worn)
 c - a +0 kite shield (worn)
 l - a +2 cloak of stealth
 q - a +0 pair of gloves
Jewellery
 j - an uncursed ring of magical power {unknown}
 s - an uncursed ring of magical power {unknown}
 v - an uncursed amulet of magic regeneration {unknown}
 A - an uncursed ring of willpower {unknown}
Wands
 y - a wand of random effects (16)
Scrolls
 f - 2 scrolls of blinking {unknown}
 i - 2 scrolls of remove curse {unknown}
 n - 3 scrolls of identify {unknown}
 o - a scroll of magic mapping {unknown}
 p - a scroll of random uselessness {unknown}
 x - a scroll of amnesia {unknown}
Potions
 e - a potion of lignification {unknown}
 k - a potion of invisibility {unknown}
 m - 2 potions of haste {unknown}
 r - a potion of magic {unknown}
 t - a potion of cancellation {unknown}
 u - a potion of attraction {unknown}
 z - a potion of brilliance {unknown}


   Skills:
 * Level 4.8 Fighting
 + Level 5.5 Axes
 + Level 4.5 Armour
 + Level 1.2 Dodging
 + Level 5.4 Shields


You had 6 spell levels left.
You didn't know any spells.
Your spell library was empty.

Dungeon Overview and Level Annotations

Branches:
Dungeon (4/15)
 Temple: D:4-7

Altars:


Innate Abilities, Weirdness & Mutations

You cannot be hasted, slowed, berserked, paralysed or teleported.
You can dig through walls and to a lower floor.
Your four strong arms can wield two-handed weapons with a shield.
You have a pair of large antennae on your head. (SInv)


Message History

The orc wizard barely misses you. The iguana bites you.
The orc wizard hits you but does no damage.
Unknown command.
You hit the orc wizard but do no damage.
The orc wizard is almost dead.
You closely miss the orc wizard. You hit the iguana.
The orc wizard gestures at you while chanting.
The magic dart hits you.
The orc wizard hits you but does no damage.
The iguana bites you!
* * * LOW HITPOINT WARNING * * *
You block the orc wizard's attack. The orc wizard closely misses you.
The iguana bites you.
* * * LOW HITPOINT WARNING * * *
You feel very mighty all of a sudden.
The orc wizard mumbles some strange words.
The orc wizard blinks!
The orc wizard hits you but does no damage.
The iguana bites you!
You die...

##################
..<..............#
...........#####.#
(............# #.#
.#########.#.#
#.##
.........#.#.#
#..# .#####...#.#
####.# ...#
#...#.# ##l#.#
...# #...#.#
#oo@.# ...#
#.....##..§###
...# #....##...#
#..# #....#⌠..#
#..# ##.###.o.
##.. #.###⌠.
#..###...##
#...##.##.## {
#...######.##


You could see an iguana, 2 orc wizards and an orc.

Vanquished Creatures
  An ice beast (D:3)
  A big kobold (D:3)
  A howler monkey (D:3)
  A hound (D:2)
  An orc wizard (D:3)
  2 iguanas (D:4)
  Jessica (D:2)
  Natasha (thrice) (D:2)
  A worker ant (D:3)
  5 adders
  An ooze (D:4)
  4 worms
  A dart slug (D:3)
  6 leopard geckos
  4 orcs
  2 ball pythons
  5 bats
  5 giant cockroaches
  18 hobgoblins
  4 jackals (D:2)
  3 frilled lizards
  7 goblins
  21 kobolds
  10 rats
108 creatures vanquished.

Vanquished Creatures (others)
  5 plants (D:1)
5 creatures vanquished.

Grand Total: 113 creatures vanquished

Notes
Turn   | Place    | Note
-------+----------+-------------------------------------------
     0 | D:1      | Gauvater the Formicid Fighter began the quest for the Orb.
     0 | D:1      | Reached XP level 1. HP: 18/18 MP: 1/1
   173 | D:1      | Reached XP level 2. HP: 23/24 MP: 2/2
   746 | D:1      | Reached XP level 3. HP: 28/29 MP: 3/3
  1282 | D:2      | Reached XP level 4. HP: 34/37 MP: 4/4
  1307 | D:2      | Noticed Jessica
  1317 | D:2      | Killed Jessica
  1641 | D:2      | Noticed Natasha
  1650 | D:2      | Reached XP level 5. HP: 36/42 MP: 5/5
  1654 | D:2      | Killed Natasha
  1786 | D:2      | Noticed Natasha
  1795 | D:2      | Killed Natasha
  1881 | D:2      | Noticed Natasha
  1890 | D:2      | Killed Natasha
  1891 | D:2      | Reached XP level 6. HP: 48/48 MP: 6/6
  2372 | D:3      | Reached skill level 5 in Shields
  2427 | D:3      | Noticed an ice beast
  2440 | D:3      | Killed an ice beast
  2441 | D:3      | Reached skill level 5 in Axes
  2441 | D:3      | Reached skill level 1 in Dodging
  2441 | D:3      | Reached XP level 7. HP: 14/55 MP: 7/7
  4131 | D:4      | HP: 2/44 [iguana (3)]
  4132 | D:4      | Mangled by an iguana

Illustrated notes

Levels and vault maps discovered:
D:1:      sevenhm_arrival_forest_fort_large_3, layout_basic,
          lexackson_kobold_supper
D:2:      layout_basic, minmay_octomino_e4, uniq_natasha, uniq_jessica
D:3:      cheibrodos_thug_alley, layout_basic
D:4:      layout_basic, grunt_ministairs_8, fedhas_altar_1

Skill      XL: |  1  2  3  4  5  6 |
---------------+-------------------+-----
Shields        | 4 5 |  5.4
Fighting       | 4 |  4.8
Axes           | 3 5 |  5.5
Armour         | 4 |  4.5
Dodging        | 1 |  1.2

Action                   |  1- 3 |  4- 6 |  7- 9 || total
-------------------------+-------+-------+-------++-------
Melee: War axe           |    83 |   123 |   109 ||   315
 Abil: Dig               |     1 |     1 |     3 ||     5
  Use: Potion            |       |       |     2 ||     2
Armor: Scale mail        |    52 |    53 |    36 ||   141
Dodge: Dodged            |    57 |    57 |    32 ||   146
Block: Kite shield       |    72 |    73 |    53 ||   198
